AoeStats
← [PSCH] R!ce

African Clearing

506923229Analyzed
2v2 RM · 16d ago on Sep 15, 2026· 37m 44s· 4 players
Game mode
Random Map
Map size
Medium (4 player)
Population
200
Speed
Normal
Resources
Standard
Victory
Conquest
Starting age
Dark Age
Ending age
Imperial Age
RankedLock teamsTeams togetherTeam positionsShared explorationLock speedFull tech treeHidden civsTurbo modeCheats
Victory
Defeat
🇨🇭 Khitans · Switzerland
1427
+18
🇨🇭 Cumans · Switzerland
1422
+18
🇫🇷 Saracens · France
1472
-18
🇹🇷 Turks · Türkiye
1460
-18
xcmpierrexcm
2:54 Loom
12:19 Feudal Age
16:03 Castle Age
16:55 Double-Bit Axe
22:25 Fletching
24:04 Crossbowman
28:08 Bodkin Arrow
28:40 Bloodlines
29:09 Husbandry
karamuk
9:13 Loom
12:29 Feudal Age
16:05 Scale Barding Armor
23:35 Castle Age
22:14 Gold Mining
22:07 Horse Collar
26:03 Padded Archer Armor
28:19 Fletching
30:03 Heavy Plow
30:47 Wheelbarrow
32:20 Leather Archer Armor
33:45 Bodkin Arrow
[PSCH] wolverito
6:19 Loom
13:18 Feudal Age
17:57 Castle Age
16:12 Double-Bit Axe
17:46 Fletching
19:59 Pikeman
24:25 Capped Ram
26:00 Bodkin Arrow
28:56 Padded Archer Armor
30:05 Leather Archer Armor
34:56 Ballistics
[PSCH] R!ce
9:12 Loom
11:38 Feudal Age
12:26 Double-Bit Axe
16:02 Forging
19:43 Scale Barding Armor
25:55 Castle Age
24:33 Domestication
25:59 Light Cavalry
27:16 Iron Casting
28:32 Chain Barding Armor
Connection lost

Rejoining the realm…

Still unreachable

The connection could not be restored.

Session expired

The server has moved on; the page needs a fresh start.